 Dungeon Crawl Stone Soup version 0.29-a0-270-g1586fc07ea (webtiles) character file.

Game seed: 9422287678871763940

982 croobank the Firebug (level 8, -6/58 HPs)
             Began as a Gnoll Fire Elementalist on Mar 7, 2022.
             Mangled by a yak (9 damage)
             ... on level 4 of the Dungeon.
             The game lasted 00:18:36 (4655 turns).

croobank the Firebug (Gnoll Fire Elementalist)      Turns: 4655, Time: 00:18:36

Health: -6/58      AC:  8    Str:  9    XL:     8   Next: 17%
Magic:  13/16      EV: 13    Int: 16    God:
Gold:   171        SH:  0    Dex: 12    Spells: 11/18 levels left

rFire   . . .      SeeInvis .   n - +4 quarterstaff (chaos)
rCold   . . .      Faith    .   (shield currently unavailable)
rNeg    + . .      Spirit   .   j - +0 leather armour
rPois   .          Reflect  .   A - +1 helmet
rElec   .          Harm     .   s - +1 cloak
rCorr   .          Rampage  .   c - +0 pair of gloves {Stlth+}
Will    .....                   (no boots)
Stlth   ++++......              (no amulet)
HPRegen 0.19/turn               e - ring of positive energy
MPRegen 0.15/turn               z - ring of flight

@: flying
A: fangs 1, strong nose, distributed training
a: no special abilities


You were on level 4 of the Dungeon.
You visited 1 branch of the dungeon, and saw 5 of its levels.

You collected 309 gold pieces.
You spent 138 gold pieces at shops.

Inventory:

Hand Weapons
 b - a +0 hunting sling
 i - a +1 whip of draining
 m - a +0 war axe
 n - a +4 quarterstaff of chaos (weapon)
 p - a +0 hunting sling
Missiles
 f - 181 stones
Armour
 a - a +0 robe
 c - a +0 pair of gloves of stealth (worn)
 d - a +2 scale mail of poison resistance
 j - a +0 leather armour (worn)
 s - a +1 cloak (worn)
 A - a +1 helmet (worn)
Jewellery
 e - a ring of positive energy (left hand)
 z - a ring of flight (right hand)
Wands
 o - a wand of flame (23)
Scrolls
 q - 2 scrolls of immolation
 x - a scroll of torment
 y - a scroll of teleportation
Potions
 g - 3 potions of brilliance
 h - a potion of magic
 k - a potion of mutation {unknown}
 l - 3 potions of heal wounds
 t - a potion of might {unknown}
 u - a potion of invisibility
 w - a potion of curing {unknown}


   Skills:
 + Level 3.0 Fighting
 + Level 3.0 Short Blades
 + Level 3.0 Long Blades
 + Level 3.0 Axes
 + Level 3.0 Maces & Flails
 + Level 3.0 Polearms
 + Level 3.0 Staves
 + Level 3.0 Slings
 + Level 3.0 Bows
 + Level 3.0 Crossbows
 + Level 3.0 Throwing
 + Level 3.0 Armour
 + Level 5.5 Dodging
 + Level 5.2 Stealth
 + Level 3.0 Shields
 + Level 3.0 Unarmed Combat
 + Level 5.9 Spellcasting
 + Level 3.3 Conjurations
 + Level 2.4 Hexes
 + Level 2.4 Summonings
 + Level 2.4 Necromancy
 + Level 2.4 Translocations
 + Level 2.4 Transmutations
 + Level 6.0 Fire Magic
 + Level 2.4 Ice Magic
 + Level 2.4 Air Magic
 + Level 2.4 Earth Magic
 + Level 2.4 Poison Magic
 + Level 3.3 Invocations
 + Level 3.0 Evocations


You had 11 spell levels left.
You knew the following spells:

 Your Spells              Type           Power      Damage    Failure   Level
a - Foxfire               Conj/Fire      76%        2x1d7     2%          1
b - Scorch                Fire           48%        2d7       2%          2
c - Flame Wave            Conj/Fire      19%        2d6       26%         4

Your spell library contained the following spells:

 Spells                   Type           Power      Damage    Failure   Level
 Conjure Flame            Conj/Fire      19%        6-21      9%          3
 Inner Flame              Hex/Fire       18%        N/A       10%         3
 Summon Guardian Golem    Hex/Summ       12%        N/A       21%         3
 Orb of Destruction       Conj           7%         9d6       100%        7
 Spellforged Servitor     Conj/Summ      7%         N/A       100%        7


Dungeon Overview and Level Annotations

Branches:
Dungeon (5/15)
 Temple: D:4-7

Altars:
Cheibriados

Shops:
D:4 [*


Innate Abilities, Weirdness & Mutations

You have very sharp teeth.
Your uncanny sense of smell can sniff out nearby items.
Your experience applies equally to all skills.


Message History

Casting: Foxfire (safe; 2% risk of failure)
Confirm with . or Enter, or press ? or * to list all spells.
Flames lash the yak.
The yak is moderately wounded.
The yak's fire resistance burns away.
The yak barely misses you.
Sorry, you're not good enough to have a special ability.
Casting: Scorch (safe; 2% risk of failure)
Confirm with . or Enter, or press ? or * to list all spells.
You conjure some foxfire!
The yak gores you!
You hit the yak.
The yak is poisoned.
The yak is moderately wounded.
The foxfire hits the yak but does no damage.
The yak is moderately wounded.
The foxfire hits the yak.
The yak is moderately wounded.
The yak gores you! The yak completely misses you.
You hit the yak but do no damage.
The yak suddenly seems more agile.
Your bite misses the yak.
The yak is moderately wounded.
The yak gores you but does no damage.
You closely miss the yak.
The yak is moderately wounded.
The yak is no longer more vulnerable to fire.
The yak closely misses you.
Unknown command.
Casting: Foxfire (safe; 2% risk of failure)
Confirm with . or Enter, or press ? or * to list all spells.
You conjure some foxfire!
The yak gores you!
You closely miss the yak.
The yak is moderately wounded.
The foxfire hits the yak but does no damage.
The yak is moderately wounded.
The foxfire hits the yak.
The yak is heavily wounded.
The yak gores you!
* * * LOW HITPOINT WARNING * * *
The yak attacks as you move away! The yak gores you!
* * * LOW HITPOINT WARNING * * *
The yak attacks as you move away! The yak gores you!
You die...

##...^.## #..
#######..###..###..
#.......#####...#..
#.....#####........
####.....####..###..##
##8.8.8........## ##.##
#..⌠.⌠...####### ###...
#.8.∩.8>.# ##.....
###..⌠.⌠@Y.# #...##.
#...8.8.8..# #.#.##.
#..........# #.#.##.
#..........# #.#.###
#..........###### #.#.#
#
#...............###...#
#
#..........####......##
#......[...#
###....####
#......)...#
##..##.....


You could see a yak (agile, poisoned).

Vanquished Creatures
  2 yaks
  A black bear (D:5)
  An ogre (D:4)
  A scorpion (D:5)
  3 hounds
  Crazy Yiuf (D:2)
  An iguana (D:3)
  Terence (D:2)
  Natasha (thrice) (D:2)
  2 orc wizards (D:5)
  8 adders
  3 worms
  2 dart slugs
  11 orcs
  10 endoplasms
  A giant cockroach (D:4)
  9 hobgoblins
  2 jackals (D:2)
  5 quokkas
  8 ball pythons
  3 bats
  5 frilled lizards
  8 goblins
  5 kobolds
  2 rats (D:2)
98 creatures vanquished.

Vanquished Creatures (others)
  131 foxfires
131 creatures vanquished.

Grand Total: 229 creatures vanquished

Notes
Turn   | Place    | Note
-------+----------+-------------------------------------------
     0 | D:1      | croobank the Gnoll Fire Elementalist began the quest for
                  | the Orb.
     0 | D:1      | Reached XP level 1. HP: 13/13 MP: 6/6
   241 | D:1      | Reached XP level 2. HP: 14/19 MP: 7/7
   325 | D:1      | Found a faded altar of an unknown god.
   436 | D:1      | Learned a level 2 spell: Scorch
   990 | D:2      | Reached XP level 3. HP: 25/25 MP: 7/9
  1029 | D:2      | Noticed Terence
  1035 | D:2      | Killed Terence
  1036 | D:2      | Reached skill level 1 in Fighting
  1036 | D:2      | Reached skill level 1 in Short Blades
  1036 | D:2      | Reached skill level 1 in Long Blades
  1036 | D:2      | Reached skill level 1 in Axes
  1036 | D:2      | Reached skill level 1 in Maces & Flails
  1036 | D:2      | Reached skill level 1 in Polearms
  1036 | D:2      | Reached skill level 1 in Staves
  1036 | D:2      | Reached skill level 1 in Slings
  1036 | D:2      | Reached skill level 1 in Bows
  1036 | D:2      | Reached skill level 1 in Crossbows
  1036 | D:2      | Reached skill level 1 in Throwing
  1036 | D:2      | Reached skill level 1 in Armour
  1036 | D:2      | Reached skill level 1 in Shields
  1036 | D:2      | Reached skill level 1 in Unarmed Combat
  1036 | D:2      | Reached skill level 5 in Spellcasting
  1036 | D:2      | Reached skill level 1 in Invocations
  1036 | D:2      | Reached skill level 1 in Evocations
  1083 | D:2      | Reached XP level 4. HP: 15/32 MP: 4/11
  1470 | D:2      | Reached skill level 1 in Hexes
  1470 | D:2      | Reached skill level 1 in Summonings
  1470 | D:2      | Reached skill level 1 in Necromancy
  1470 | D:2      | Reached skill level 1 in Translocations
  1470 | D:2      | Reached skill level 1 in Transmutations
  1470 | D:2      | Reached skill level 1 in Ice Magic
  1470 | D:2      | Reached skill level 1 in Air Magic
  1470 | D:2      | Reached skill level 1 in Earth Magic
  1470 | D:2      | Reached skill level 1 in Poison Magic
  1579 | D:2      | Noticed Natasha
  1581 | D:2      | Killed Natasha
  1626 | D:2      | Noticed Natasha
  1631 | D:2      | Killed Natasha
  1632 | D:2      | Reached XP level 5. HP: 32/37 MP: 5/12
  1702 | D:2      | Noticed Natasha
  1708 | D:2      | Killed Natasha
  2112 | D:2      | Found a runed translucent door.
  2113 | D:2      | Noticed Crazy Yiuf
  2119 | D:2      | Killed Crazy Yiuf
  2426 | D:3      | Found a snail-covered altar of Cheibriados.
  2632 | D:3      | Reached XP level 6. HP: 38/44 MP: 5/13
  3372 | D:4      | Learned a level 4 spell: Flame Wave
  3382 | D:4      | Reached skill level 5 in Dodging
  3501 | D:4      | Found Zilos's Assorted Antiques.
  3638 | D:4      | Found Kuxkilol's Armour Shop.
  3665 | D:4      | Reached XP level 7. HP: 42/50 MP: 15/15
  3714 | D:4      | Bought a +0 pair of gloves of stealth for 138 gold pieces
  4089 | D:5      | Entered Level 5 of the Dungeon
  4276 | D:5      | Reached skill level 5 in Stealth
  4394 | D:5      | Noticed a yak
  4394 | D:5      | Noticed a yak
  4394 | D:5      | Noticed a yak
  4394 | D:5      | Noticed a yak
  4395 | D:5      | Noticed a yak
  4428 | D:5      | Killed a yak
  4429 | D:5      | Reached skill level 6 in Fire Magic
  4429 | D:5      | Reached XP level 8. HP: 31/57 MP: 11/16
  4444 | D:4      | Killed a yak
  4655 | D:4      | Mangled by a yak

Illustrated notes

Levels and vault maps discovered:
D:1:      minmay_arrival_widening_spiral_wide, layout_basic,
          dreamdust_ecumenical_altar_statues
D:2:      layout_loops_ring, uniq_crazy_yiuf_cottage, uniq_natasha, uniq_terence
D:3:      layout_loops_cross, mainiacjoe_overflow_catwalk, serial_rivers,
          chequers_serial_rivers_large_a, chequers_serial_rivers_room_a,
          chequers_serial_rivers_small_b, chequers_serial_rivers_micro_e,
          minmay_between
D:4:      layout_rooms, serial_shops,
          nicolae_shop_temple_entry_statues_fountains, nicolae_shop_behind_doors
D:5:      layout_basic, minmay_misc_feat_tower

Skill      XL: |  1  2  3  4  5  6  7  8 |
---------------+-------------------------+-----
Conjurations   | 2 3 |  3.3
Fighting       | 1 2 3 |  3.0
Short Blades   | 1 2 3 |  3.0
Long Blades    | 1 2 3 |  3.0
Axes           | 1 2 3 |  3.0
Maces & Flails | 1 2 3 |  3.0
Polearms       | 1 2 3 |  3.0
Staves         | 1 2 3 |  3.0
Slings         | 1 2 3 |  3.0
Bows           | 1 2 3 |  3.0
Crossbows      | 1 2 3 |  3.0
Throwing       | 1 2 3 |  3.0
Armour         | 1 2 3 |  3.0
Shields        | 1 2 3 |  3.0
Unarmed Combat | 1 2 3 |  3.0
Spellcasting   | 5 |  5.9
Invocations    | 1 2 3 |  3.3
Evocations     | 1 2 3 |  3.0
Hexes          | 1 2 |  2.4
Summonings     | 1 2 |  2.4
Necromancy     | 1 2 |  2.4
Translocations | 1 2 |  2.4
Transmutations | 1 2 |  2.4
Ice Magic      | 1 2 |  2.4
Air Magic      | 1 2 |  2.4
Earth Magic    | 1 2 |  2.4
Poison Magic   | 1 2 |  2.4
Dodging        | 5 |  5.5
Stealth        | 5 |  5.2
Fire Magic     | 6 |  6.0

Action                   |  1- 3 |  4- 6 |  7- 9 || total
-------------------------+-------+-------+-------++-------
Melee: Mace              |    12 |       |       ||    12
       Whip              |    22 |    10 |       ||    32
       Quarterstaff      |       |    27 |    33 ||    60
       Bite              |       |     1 |     7 ||     8
 Cast: Foxfire           |    25 |    40 |    15 ||    80
       Scorch            |     2 |    39 |     5 ||    46
       Flame Wave        |       |       |     3 ||     3
  Use: Scroll            |     1 |     6 |       ||     7
       Potion            |       |     1 |     2 ||     3
 Stab: Sleeping          |     2 |       |       ||     2
       Petrified         |       |       |     1 ||     1
Armor: Robe              |     7 |     4 |       ||    11
       Leather armour    |       |    12 |    36 ||    48
Dodge: Dodged            |    30 |    33 |    45 ||   108

Table legend: (Time is in decaauts)
 A = Elapsed time spent in this place.
 B = Non-inter-level travel time spent in this place.
 C = Inter-level travel time spent in this place.
 D = Time resting spent in this place.
 E = Time spent auto-exploring this place.
 F = Levels seen in this place.
 G = Mean time per level.
                   A        B        C        D        E       F      G
               +--------+--------+--------+--------+--------+-----+--------+
         Total |   4658 |   4587 |     71 |    698 |   2904 |   5 |  931.6 |
       Dungeon |   4658 |   4587 |     71 |    698 |   2904 |   5 |  931.6 |
               +--------+--------+--------+--------+--------+-----+--------+

Top non-repeatable levels by time:
     D:2: 1343 daAuts
     D:3: 997 daAuts
     D:4: 995 daAuts
     D:1: 970 daAuts
     D:5: 350 daAuts
